 Dungeon Crawl Stone Soup version 0.23.0 (webtiles) character file.

Game seed: 10084460299276692226

27 Borgoz the Cudgeler (level 3, 0/22 HPs)
             Began as a Gargoyle Gladiator on Feb 9, 2019.
             Slain by a jackal (2 damage)
             ... on level 2 of the Dungeon.
             The game lasted 00:01:18 (695 turns).

Borgoz the Cudgeler (Gargoyle Gladiator)             Turns: 695, Time: 00:01:18

Health: 0/22       AC:  7    Str: 17    XL:     3   Next: 10%
Magic:  3/3        EV: 18    Int:  8    God:
Gold:   44         SH:  0    Dex: 17    Spells: 2/2 levels left

rFire    . . .     SeeInvis .   a - +0 flail
rCold    . . .     Gourm    .   (no shield)
rNeg     + . .     Faith    .   b - +0 leather armour
rPois    ∞         Spirit   .   c - +0 helmet
rElec    +         Reflect  .   (no cloak)
rCorr    .         Harm     .   (no gloves)
MR       .....                  (no boots)
Stlth    ++........             (no amulet)
HPRegen  0.07/turn              (no ring)
MPRegen  0.08/turn              (no ring)

@: agile
A: negative energy resistance 1, electricity resistance, unbreathing,
petrification resistance, rot immunity, AC +3
a: no special abilities


You were on level 2 of the Dungeon.
You were not hungry.

You visited 1 branch of the dungeon, and saw 2 of its levels.

You collected 44 gold pieces.

Inventory:

Hand Weapons
 a - a +0 flail (weapon)
Missiles
 d - 3 throwing nets (quivered)
Armour
 b - a +0 leather armour (worn)
 c - a +0 helmet (worn)
Wands
 l - a wand of digging (1)
Scrolls
 e - a scroll of random uselessness {unknown}
 i - a scroll of blinking {unknown}
 k - a scroll of remove curse {unknown}
 m - a scroll of enchant armour {unknown}
Potions
 g - a potion of agility
 h - a potion of curing {unknown}
Comestibles
 f - 3 rations
 j - 6 chunks of flesh


   Skills:
 + Level 2.6 Fighting
 + Level 3.2 Maces & Flails
 - Level 1.7 Throwing
 + Level 1.0 Armour
 * Level 2.8 Dodging


You had 2 spell levels left.
You didn't know any spells.
Your spell library was empty.

Dungeon Overview and Level Annotations

Branches:
Dungeon (2/15)

Altars:


Innate Abilities, Weirdness & Mutations

You are resistant to torment.
Your stone body is resilient. (AC +3)
You are immune to poison.
You resist negative energy. (rN+)
You are resistant to electric shocks. (rElec)
You can survive without breathing.
You are immune to petrification.
You are immune to rotting.


Message History

* * * LOW HITPOINT WARNING * * *
The ice beast closely misses you. The jackal closely misses you.
You closely miss the ice beast.
The ice beast is severely wounded.
The jackal barely misses you. x2; The ice beast misses you.
The jackal misses you. The jackal closely misses you.
You closely miss the ice beast.
The ice beast is severely wounded.
The jackal bites you but does no damage.
The ice beast hits you but does no damage.
The jackal bites you.
* * * LOW HITPOINT WARNING * * *
The jackal bites you but does no damage. x2
The jackal completely misses you. The ice beast closely misses you.
You barely miss the ice beast.
The ice beast is severely wounded.
The jackal misses you.
The jackal bites you but does no damage.
The jackal bites you.
You die...

###....##### #
#................
#.#.#....####..?..#
#.#.#....# #.....#
#........# #.....#
###......# #.....#
######......# #.....#
....<.......# #Y....#
...#)#.#....####@..<%#
..
#.....#.....hhh...## .
#..>.................
..#.#.#.....(########
.............#
...#..........#
...#..........#
....######.....#
#.....#


You could see an ice beast and 3 jackals.

Vanquished Creatures
  An ooze (D:1)
  2 dart slugs (D:1)
  A giant cockroach (D:1)
  2 goblins (D:1)
  A hobgoblin (D:1)
  2 jackals (D:2)
  A bat (D:1)
  A frilled lizard (D:1)
  3 kobolds
  7 rats
21 creatures vanquished.

Notes
Turn   | Place    | Note
-------+----------+-------------------------------------------
     0 | D:1      | Borgoz the Gargoyle Gladiator began the quest for the Orb.
     0 | D:1      | Reached XP level 1. HP: 12/12 MP: 1/1
   113 | D:1      | Reached XP level 2. HP: 18/18 MP: 2/2
   457 | D:1      | Reached skill level 1 in Armour
   636 | D:2      | Reached XP level 3. HP: 22/22 MP: 3/3
   677 | D:2      | Noticed an ice beast
   695 | D:2      | Slain by a jackal

Skill      XL: |  1  2 |
---------------+-------+-----
Armour         | 1 |  1.0
Fighting       | |  2.6
Maces & Flails | |  3.2
Throwing       | |  1.7
Dodging        | |  2.8

Action                   || total
-------------------------++-------
Melee: Flail             ||    91
  Use: Potion            ||     1
Armor: Leather armour    ||    57
Dodge: Dodged            ||    90
